AoeStats
← Navix de los Bosques de Lituania

Black Forest

509023474Analyzed
2v2 RM · 5d ago on Sep 25, 2026· 14m 33s· 4 players
Game mode
Random Map
Map size
Medium (4 player)
Population
200
Speed
Normal
Resources
Standard
Victory
Conquest
Starting age
Dark Age
Ending age
Imperial Age
RankedLock teamsTeams togetherTeam positionsShared explorationLock speedFull tech treeHidden civsTurbo modeCheats
Victory
Defeat
🇨🇴 Slavs · Colombia
799
+16
790
+18
🇺🇸 Portuguese · United States
808
-17
🇵🇪 Persians · Peru
807
-17
Navix de los Bosques de Lituania
3:44 Loom
10:51 Feudal Age
12:19 Double-Bit Axe
13:02 Man-at-Arms
13:32 Arson
14:07 Forging
13:57 Scale Mail Armor
Derzer
6:54 Loom
10:16 Feudal Age
13:09 Man-at-Arms
Chuckles19861
0:26 Loom
13:58 Feudal Age
musoq
7:13 Loom
12:46 Feudal Age
Connection lost

Rejoining the realm…

Still unreachable

The connection could not be restored.

Session expired

The server has moved on; the page needs a fresh start.